 Dungeon Crawl Stone Soup version 0.30.0-29-ga12c61a403 (webtiles) character file.

Game seed: 5588470681170474766

156 cheesebisquit the Caller (level 5, -4/21 HPs)
             Began as a Felid Summoner on June 13, 2023.
             Was an Initiate of the Shining One.
             Slain by Duvessa
             ... wielding a +0 short sword
              (7 damage)
             ... on level 4 of the Dungeon.
             The game lasted 00:25:14 (4083 turns).

cheesebisquit the Caller (Felid Summoner)           Turns: 4083, Time: 00:25:15

Health: -4/21      AC:  2    Str:  4    XL:     5   Next: 14%
Magic:  2/12       EV: 17    Int: 19    God:    the Shining One [......]
Gold:   286        SH:  0    Dex: 16    Spells: 3/12 levels left
                                        Lives:  0   Deaths: 1

rFire   . . .        (weapon unavailable)
rCold   + . .        (shield unavailable)
rNeg    . . .        (body armour unavailable)
rPois   .            (helmet unavailable)
rElec   .            (cloak unavailable)
rCorr   .            (gloves unavailable)
SInv    +            (boots unavailable)
Will    .....        (no amulet)
Stlth   +            e - ring of protection from cold
HPRegen 0.23/turn    o - ring of wizardry
MPRegen 0.13/turn

%: wizardry (x1)
@: very slightly contaminated, glowing, quick
A: very small, claws 1, fangs 3, see invisible, speed 1, shaggy fur 2, stealthy
paws, no weapons or thrown items, no armour, multi-lived
a: Renounce Religion


You were on level 4 of the Dungeon.
You worshipped the Shining One.
The Shining One was noncommittal.
You visited 1 branch of the dungeon, and saw 4 of its levels.

You collected 286 gold pieces.

Inventory:

Jewellery
 e - a ring of protection from cold (left paw)
 o - a ring of wizardry (right paw)
Wands
 n - a wand of iceblast (8)
Scrolls
 c - 2 scrolls of acquirement {unknown}
 d - 3 scrolls of teleportation {unknown}
 f - 3 scrolls of identify {unknown}
 k - 3 scrolls of amnesia {unknown}
 l - a scroll of fear {unknown}
 m - a scroll of blinking {unknown}
 q - a scroll of silence {unknown}
Potions
 a - a potion of magic
 b - 2 potions of curing {unknown}
 g - a potion of heal wounds {unknown}
 h - 3 potions of flight {unknown}
 i - a potion of mutation {unknown}
 j - a potion of berserk rage {unknown}
 p - a potion of brilliance {unknown}
 r - a potion of attraction {unknown}


   Skills:
 - Level 2.6 Dodging
 - Level 2.6 Stealth
 + Level 4.4 Spellcasting
 + Level 6.0 Summonings


You had 3 spell levels left.
You knew the following spells:

 Your Spells              Type           Power      Damage    Failure   Level
a - Summon Small Mammal   Summ           100%       N/A       1%          1
b - Call Imp              Summ           54%        N/A       1%          2
c - Call Canine Familiar  Summ           27%        N/A       1%          3
d - Summon Guardian Gole  Hex/Summ       15%        N/A       4%          3

Your spell library contained the following spells:

 Spells                   Type           Power      Damage    Failure   Level
 Ignite Poison            Fire/Tmut/Pois 4%         N/A       16%         3
 Summon Lightning Spire   Summ/Air       15%        N/A       16%         4
 Leda's Liquefaction      Hex/Erth       2%         N/A       45%         4
 Sticky Flame             Conj/Fire      4%         2d3       45%         4
 Ignition                 Fire           2%         3d3       100%        8
 Portal Projectile        Hex/Tloc       Unusable   N/A       N/A         3

Dungeon Overview and Level Annotations

Branches:
Dungeon (4/15)
 Temple: D:4-7

Altars:
The Shining One

Shops:
D:4 :

Annotations:
D:4 1 runed translucent door, Dowan; Duvessa; epsilonplus's ghost, amateur TeHu


Innate Abilities, Weirdness & Mutations

You have sharp claws.
You have razor-sharp teeth.
You have supernaturally acute eyesight. (SInv)
You cover ground quickly. (Speed+)
You are covered in thick fur. (AC +2)
Your paws help you pounce on unaware monsters.
You are incapable of wielding weapons or throwing items.
You cannot wear armour.
You gain extra lives every three experience levels.


Message History

Duvessa barely misses you.
Your bat hits Duvessa but does no damage.
Duvessa completely misses you.
You swap places.
Your bat barely misses Duvessa.
Your hound bites Duvessa but does no damage.
Duvessa hits your hound with a +0 short sword.
Your hound barely misses Duvessa.
Your quokka barely misses Duvessa.
Dowan hits your hound with a +0 dagger.
Duvessa hits your hound with a +0 short sword!
Your hound dies!
Your hound's corpse disappears in a puff of smoke!
Casting: Summon Small Mammal (safe; 1% risk of failure)
Confirm with . or Enter, or press ? or * to list all spells.
You miscast Call Canine Familiar.
You are very lightly contaminated with residual magic.
Nothing appears to happen.
Your bat barely misses Duvessa.
Your quokka bites Duvessa but does no damage.
Your quokka bites Duvessa.
Casting: Call Canine Familiar (safe; 1% risk of failure)
Confirm with . or Enter, or press ? or * to list all spells.
Your bat hits Duvessa but does no damage.
Duvessa misses you.
Dowan casts a spell at Duvessa.
Duvessa seems to speed up.
You swap places.
Your bat completely misses Duvessa.
Duvessa hits you with a +0 short sword!
Your hound barely misses Duvessa.
Your quokka bites Duvessa.
Your hound barely misses Duvessa.
Your quokka closely misses Duvessa.
Your bat completely misses Dowan.
Duvessa hits you with a +0 short sword!
Dowan casts a spell.
Dowan blinks!
The iguana bites your quokka.
Your quokka dies!
Your quokka's corpse disappears in a puff of smoke!
Your hound bites Duvessa.
Your bat hits Duvessa but does no damage.
Duvessa hits you with a +0 short sword.
* * * LOW HITPOINT WARNING * * *
The iguana bites your hound! Duvessa hits you with a +0 short sword!
You die...

#.................<.##.##.######
#......<...###########..........
#####.####.### #..#.###### #.#
#.(.# ####..#.# ######.# ###.#
#.....#.# ....##.# #.# #.###.#.#
###.'..# #.# ####.# #.#.#####
....#..# #.###....# #.#.....#
######.# ####.##@....###.####..#
#.###≈≈.≈≈.e.....##.####.###
###.##≈≈≈.≈≈≈h.b.)..#)##....5.
#5..##≈≈≈.≈≈≈l...........)....
#.####...∩..........######.###
#.# #≈≈≈.≈≈≈.....)#######.## #.#
#≈≈≈.≈≈≈....)..........# #.#
##≈≈e≈≈##...#########..# #.#
####..###.## #..##


You could see Duvessa (fast, ally target), Dowan, an iguana (ally target), a
friendly hound (summoned) and a friendly bat (summoned).

Vanquished Creatures
  A gnoll (D:3)
  An adder (D:4)
  A dart slug (D:4)
  2 orcs (D:4)
  A giant cockroach (D:1)
  2 quokkas
  A rat (D:3)
9 creatures vanquished.

Vanquished Creatures (collateral kills)
  A scorpion (D:4)
  A jelly (D:2)
  A gnoll bouda (D:4)
  An orc wizard (D:4)
  An adder (D:2)
  6 gnolls
  A worm (D:3)
  2 dart slugs
  6 orcs
  7 endoplasms
  5 giant cockroaches
  5 goblins
  3 hobgoblins
  3 quokkas
  6 ball pythons
  4 bats
  8 kobolds
  6 rats
67 creatures vanquished.

Grand Total: 76 creatures vanquished

Notes
Turn   | Place    | Note
-------+----------+-------------------------------------------
     0 | D:1      | cheesebisquit the Felid Summoner began the quest for the
                  | Orb.
     0 | D:1      | Reached XP level 1. HP: 7/7 MP: 4/4
   226 | D:1      | Reached XP level 2. HP: 11/11 MP: 4/6
   603 | D:1      | Learned a level 2 spell: Call Imp
   612 | D:2      | Reached XP level 3. HP: 14/14 MP: 0/8
   616 | D:2      | Learned a level 3 spell: Call Canine Familiar
  1128 | D:2      | Reached XP level 4. HP: 18/18 MP: 4/9
  1433 | D:2      | Learned a level 3 spell: Summon Guardian Golem
  1995 | D:3      | Reached skill level 5 in Summonings
  3157 | D:4      | Reached XP level 5. HP: 21/21 MP: 4/11
  3490 | D:4      | HP: 1/21 [orc wizard/puff of flame (10)]
  3639 | D:4      | Found Mygravvi's Self-Improvement Boutique.
  3693 | D:4      | Found a glowing golden altar of the Shining One.
  3744 | D:4      | Became a worshipper of the Shining One
  3808 | D:4      | Gained mutation: You are covered in thick fur. (AC +2)
                  | [Felid growth]
  3808 | D:4      | Reached XP level 6. HP: 24/24 MP: 9/13
  3865 | D:4      | Found a runed translucent door.
  3865 | D:4      | Noticed epsilonplus's ghost (amateur TeHu)
  3879 | D:4      | Reached skill level 6 in Summonings
  4033 | D:4      | Noticed Duvessa
  4033 | D:4      | Noticed Dowan
  4044 | D:4      | Mangled by Duvessa
  4045 | D:4      | Reached XP level 5. HP: -6/21 MP: 9/12
  4083 | D:4      | Slain by Duvessa

Illustrated notes

Levels and vault maps discovered:
D:1:      scummos_arrival_simple_fountains, layout_rooms
D:2:      layout_basic, eino_curves_04, minmay_tetromino_t2
D:3:      layout_basic, grunt_ministairs_14
D:4:      layout_loops_ring, nicolae_tso_swordbearing_angel,
          gammafunk_ghost_grave, minivault_25, nicolae_shop_self_help,
          uniq_eustachio, uniq_duvessa

Skill      XL: |  1  2  3  4  5  6 |
---------------+-------------------+-----
Spellcasting   | 3 4 |  4.4
Summonings     | 5 6 |  6.0
Dodging        | |  2.6
Stealth        | |  2.6

Action                     |  1- 3 |  4- 6 || total
---------------------------+-------+-------++-------
  Melee: Unarmed           |    23 |    33 ||    56
         Bite              |     2 |     3 ||     5
   Cast: Summon Small Mamm |    44 |    65 ||   109
         Call Imp          |     4 |    20 ||    24
         Call Canine Famil |       |    17 ||    17
   Stab: Distracted        |       |     1 ||     1
 Armour: Skin              |     3 |     3 ||     6
  Dodge: Dodged            |    29 |    60 ||    89
